 Dungeon Crawl Stone Soup version 0.27-a0-1191-g601b473118 (webtiles) character file.

Game seed: 16887052978354530600

86 EldarEldrad the Chopper (level 4, -1/39 HPs)
             Began as a Hill Orc Fighter on May 24, 2021.
             Killed from afar by Natasha (3 damage)
             ... with a magic dart
             ... on level 4 of the Dungeon.
             The game lasted 00:05:30 (1273 turns).

EldarEldrad the Chopper (Hill Orc Fighter)          Turns: 1273, Time: 00:05:32

Health: -1/39      AC:  7    Str: 19    XL:     4   Next: 49%
Magic:  4/4        EV:  7    Int:  8    God:
Gold:   64         SH:  9    Dex: 10    Spells: 3/3 levels left

rFire    . . .     SeeInvis .   a - +0 war axe
rCold    . . .     Faith    .   c - +0 kite shield
rNeg     . . .     Spirit   .   b - +0 scale mail
rPois    .         Reflect  .   (no helmet)
rElec    .         Harm     .   (no cloak)
rCorr    .         Rampage  .   (no gloves)
Will     .....                  (no boots)
Stlth    ..........             h - amulet of the acrobat
HPRegen  0.13/turn              (no ring)
MPRegen  0.09/turn              (no ring)

@: no status effects
A: no striking features
a: no special abilities


You were on level 4 of the Dungeon.
You visited 1 branch of the dungeon, and saw 3 of its levels.

You collected 64 gold pieces.

Inventory:

Hand Weapons
 a - a +0 war axe (weapon)
Missiles
 o - 16 poisoned darts (quivered)
Armour
 b - a +0 scale mail (worn)
 c - a +0 kite shield (worn)
 g - a +0 plate armour
Jewellery
 h - an amulet of the acrobat (around neck)
Scrolls
 e - 2 scrolls of noise {unknown}
 i - a scroll of fog {unknown}
 m - a scroll of enchant armour {unknown}
Potions
 d - a potion of might
 j - 2 potions of curing {unknown}
 k - a potion of attraction {unknown}
 l - a potion of mutation {unknown}
 n - a potion of heal wounds {unknown}


   Skills:
 - Level 3.6 Fighting
 + Level 4.7 Axes
 + Level 4.6 Armour
 - Level 3.2 Shields


You had 3 spell levels left.
You didn't know any spells.
Your spell library contained the following spells:

 Spells                   Type           Power      Damage    Failure   Level
 Animate Skeleton         Necr           0%         N/A       99%         1
 Pain                     Necr           0%         1d4       99%         1
 Vampiric Draining        Necr           0%         2d6       100%        3
 Animate Dead             Necr           0%         N/A       100%        4
 Agony                    Necr           0%         N/A       100%        5


Dungeon Overview and Level Annotations

Branches:
Dungeon (2/15)

Altars:

Annotations:
D:4 Natasha


Message History

A kobold comes into view. It is wielding a +0 club.
The kobold shouts!
You hear an angry hiss.
You hear a shout!
The kobold throws a stone.
The stone closely misses you.
Found a stone staircase leading down.
A centaur comes into view.
The centaur shouts!
Natasha, Servant of Life and Death comes into view.
The kobold barely misses you.
There is a stone staircase leading down here.
You closely miss the kobold. The kobold barely misses you.
You slash the kobold!
You kill the kobold!
The centaur wields a +0 shortbow.
The centaur shoots an arrow.
The arrow hits you!
The centaur unwields a +0 shortbow.
The centaur misses you. You block the centaur's attack.
Natasha mumbles some strange words.
Found a gold piece.
Things that are here:
a +0 club; 4 stones Your shield prevents you from hitting the centaur.
The centaur hits you.
* * * LOW HITPOINT WARNING * * *
The centaur barely misses you. You block the centaur's attack. x2
You hit the centaur.
The centaur is lightly wounded.
You hit Natasha. You block the centaur's attack.
The centaur kicks you but does no damage.
Natasha claws you but does no damage. The centaur closely misses you.
You block the centaur's attack. Natasha claws you.
* * * LOW HITPOINT WARNING * * *
The centaur closely misses you. The centaur barely misses you.
You hit the centaur.
The centaur is moderately wounded.
You hit the iron imp but do no damage. You miss Natasha. The centaur hits you.
* * * LOW HITPOINT WARNING * * *
You block the centaur's attack.
Natasha stares at you and mumbles some strange words.
The magic dart hits you.
You die...

$....#. ....... .. ..
#...... ... ....
....... #.# ... .
.......##.##.##..
........#........
......ch#........
#5@......... #.....
##.>........ #.....
#.......... ......
#.......... ......
####........ #[...##
#........... ##....##
#..#........
#..##..####...#......!
#.....†.†.....##......


You could see a centaur, an iron imp (summoned) and Natasha.

Vanquished Creatures
  Natasha (D:4)
  2 adders (D:4)
  An orc (D:2)
  2 ball pythons
  3 endoplasms (D:1)
  3 giant cockroaches (D:1)
  4 goblins (D:1)
  2 hobgoblins (D:1)
  3 jackals (D:1)
  3 kobolds
  A quokka (D:1)
  7 bats
  5 rats
37 creatures vanquished.

Notes
Turn   | Place    | Note
-------+----------+-------------------------------------------
     0 | D:1      | EldarEldrad the Hill Orc Fighter began the quest for the
                  | Orb.
     0 | D:1      | Reached XP level 1. HP: 19/19 MP: 1/1
   188 | D:1      | Reached XP level 2. HP: 26/26 MP: 2/2
   411 | D:1      | Reached XP level 3. HP: 31/31 MP: 3/3
  1033 | D:2      | You fall into a shaft and drop 2 floors!
  1189 | D:4      | Reached XP level 4. HP: 39/39 MP: 4/4
  1200 | D:4      | Noticed Natasha
  1217 | D:4      | Killed Natasha
  1229 | D:4      | Noticed a scorpion
  1267 | D:4      | Noticed a centaur
  1267 | D:4      | Noticed Natasha
  1273 | D:4      | Killed from afar by Natasha

Illustrated notes

Levels and vault maps discovered:
D:1:      enne_arrival_octagon_isle, layout_basic
D:2:      layout_rooms, basic_altar, minmay_cut_off
D:4:      layout_cave_pools, serial_shops, shop_statue, uniq_sigmund,
          uniq_natasha

Skill      XL: |  1  2  3 |
---------------+----------+-----
Axes           | 3 4 |  4.7
Armour         | 4 |  4.6
Fighting       | |  3.6
Shields        | |  3.2

Action                   |  1- 3 |  4- 6 || total
-------------------------+-------+-------++-------
Melee: War axe           |   103 |    17 ||   120
Throw: Dart              |       |     2 ||     2
  Use: Scroll            |     1 |     1 ||     2
Armor: Scale mail        |    42 |     7 ||    49
Dodge: Dodged            |    28 |    10 ||    38
Block: Kite shield       |    70 |    15 ||    85

Table legend: (Time is in decaauts)
 A = Elapsed time spent in this place.
 B = Non-inter-level travel time spent in this place.
 C = Inter-level travel time spent in this place.
 D = Time resting spent in this place.
 E = Time spent auto-exploring this place.
 F = Levels seen in this place.
 G = Mean time per level.
                   A        B        C        D        E       F      G
               +--------+--------+--------+--------+--------+-----+--------+
         Total |   1344 |   1312 |     32 |    165 |    716 |   3 |  448.0 |
       Dungeon |   1344 |   1312 |     32 |    165 |    716 |   3 |  448.0 |
               +--------+--------+--------+--------+--------+-----+--------+

Top non-repeatable levels by time:
     D:1: 1033 daAuts
     D:4: 262 daAuts
     D:2: 49 daAuts
